[Event "Team 45 45 League T86"]
[Site "Internet Chess Club"]
[Date "2020.10.30"]
[Round "5"]
[White "room-matt"]
[Black "kidcobra"]
[Result "0-1"]
[WhiteElo "1808"]
[BlackElo "1871"]
[Opening "Vienna game"]
[ECO "C26"]
[Time "14:07:19"]
[TimeControl "2700+45"]

1. e4 e5 2. Nc3 Nf6 3. Bc4 Bc5 4. d3 c6 5. Qf3 d6 6. Bg5 Nbd7 7. Nge2 b5 8. Bb3
a5 9. a4 b4 10. Nd1 h6 11. Bh4 g5 12. d4 gxh4 13. dxc5 Nxc5 14. Ne3 Ncxe4 15.
O-O-O d5 16. Nf5 Ng5 17. Qe3 Bxf5 18. Qxe5+ Be6 19. f4 Nge4 20. f5 Qb8 21. Qxb8+
Rxb8 22. fxe6 fxe6 23. Rhg1 Kd7 24. Rdf1 Rbf8 25. Rf4 h3 26. gxh3 e5 27. Rf5 Ke6
28. Rff1 Rhg8 29. c4 Nc5 30. cxd5+ cxd5 31. Bd1 Nfe4 32. Rxf8 Rxf8 33. Rg6+ Rf6
34. Rg8 Rf1 35. Rg1 Rxg1 36. Nxg1 Nf2 37. Bg4+ Nxg4 38. hxg4 b3 39. Ne2 Nxa4 40.
Ng3 e4 41. Nf5 Ke5 42. Nxh6 Kf4 43. Nf5 e3 44. Nd4 Nc5 45. h3 Ke4 46. Ne2 d4 47.
g5 d3 48. Nc3+ Kf3 {White resigns} 0-1

[Event "Team 45 45 League T86"]
[Site "Internet Chess Club"]
[Date "2020.10.30"]
[Round "5"]
[White "pishd"]
[Black "KidRattler"]
[Result "1-0"]
[WhiteElo "1826"]
[BlackElo "1717"]
[Opening "QGD Slav: exchange variation, 6.Bf4 Bf5"]
[ECO "D14"]
[Time "11:06:19"]
[TimeControl "2700+45"]

1. d4 Nf6 2. Nf3 d5 3. c4 c6 4. cxd5 cxd5 5. Nc3 Nc6 6. Bf4 Bf5 7. e3 a6 8. Be2
e6 9. O-O h6 10. Rc1 Bd6 11. Bxd6 Qxd6 12. Qb3 Qb4 13. Qxb4 Nxb4 14. Ne5 Nd7 15.
Nxd7 Kxd7 16. Rfd1 Ke7 17. a3 Nc6 18. Na4 Rac8 19. Rc3 Rc7 20. Rdc1 Ra8 21. Nb6
Ra7 22. b4 Kf6 23. a4 g5 24. Bh5 g4 25. f3 Kg5 26. Bxg4 Bxg4 27. fxg4 Kxg4 28.
Kf2 f5 29. Kf1 Rf7 30. Kg1 f4 31. h3+ Kh5 32. Rf1 Kg5 33. b5 axb5 34. axb5 Nb4
35. Nc8 Ra2 36. exf4+ Kf6 37. f5 e5 38. Rg3 Rc7 39. Rg6+ Kf7 40. Nd6+ Ke7 41.
f6+ Kf8 42. dxe5 Rcc2 43. e6 Nd3 44. e7# {Black checkmated} 1-0